 Dungeon Crawl Stone Soup version 0.32-a0-599-gba8f9cf90e (webtiles) character file.

Game seed: 2712106766160520202

70 PriceMaster the Grave Robber (level 4, -1/29 (30) HPs)
             Began as a Demonspawn Necromancer on Mar 3, 2024.
             Slain by Sigmund
             ... wielding a +2 scythe of protection
              (9 damage)
             ... on level 2 of the Dungeon.
             The game lasted 00:02:36 (1715 turns).

PriceMaster the Grave Robber (DsNe)                 Turns: 1715, Time: 00:02:37

HP:   -1/29 (30)    AC:  4    Str: 11    XL:     4   Next: 3%
MP:   0/8           EV: 12    Int: 15    God:
Gold: 66            SH:  0    Dex: 13    Spells: 0/8 levels left

rFire   . . .        e - +3 trident (venom)
rCold   . . .        (no shield)
rNeg    . . .        a - +0 robe
rPois   .            (no helmet)
rElec   .            (no cloak)
rCorr   .            (no gloves)
SInv    .            (no boots)
Will    .....        (no amulet)
Stlth   ++           (no ring)
HPRegen 0.24/turn    (no ring)
MPRegen 0.11/turn

%: no passive effects
@: animating dead, lightly drained
A: molten scales 1, demonic touch 1
a: no special abilities


You were on level 2 of the Dungeon.
You visited 1 branch of the dungeon, and saw 2 of its levels.

You collected 66 gold pieces.

Inventory:

Hand Weapons
 c - a +0 spear
 e - a +3 trident of venom (weapon)
Armour
 a - a +0 robe (worn)
Scrolls
 d - a scroll of summoning {unknown}
 f - a scroll of identify {unknown}


   Skills:
 + Level 0.2 Polearms
 + Level 1.9 Dodging
 + Level 2.0 Stealth
 + Level 2.8 Spellcasting
 + Level 5.3 Necromancy


You couldn't memorise any spells.
You knew the following spells:

 Your Spells              Type           Power      Damage    Failure   Level
a - Necrotise             Necr           72%        1d7       2%          1
b - Vampiric Draining     Necr           18%        2d7       7%          3
c - Animate Dead          Necr           18%        N/A       22%         4

Your spell library contained the following spells:

 Spells                   Type           Power      Damage    Failure   Level
 Hailstorm                Conj/Ice       2%         3d5       52%         3
 Summon Ice Beast         Ice/Summ       2%         N/A       52%         3
 Curse of Agony           Necr           18%        N/A       54%         5
 Sculpt Simulacrum        Ice/Alch       1%         N/A       100%        6


Dungeon Overview and Level Annotations

Branches:
Dungeon (2/15)

Altars:

Annotations:
D:2 Sigmund


Innate Abilities, Weirdness & Mutations

You are partially covered in molten scales. (AC +2)
Your touch may inflict minor irresistible damage on your foes.


Message History

Casting: Animate Dead (extremely dangerous; 22% risk of failure)
Confirm with . or Enter, or press ? or * to list all spells.
Aiming: Necrotise (safe; 2% risk of failure)
Press: ? - help, Shift-Dir - straight line, f - Sigmund
Aim: Sigmund, wielding a +2 scythe of protection and wearing a +2 robe of cold resistance (chance to affect: 83%)
Okay, then.
Sigmund barely misses you.
Casting: Necrotise (safe; 2% risk of failure)
Confirm with . or Enter, or press ? or * to list all spells.
You don't have enough magic to cast this spell.
Magic courses through your body.
Casting: Necrotise (safe; 2% risk of failure)
Confirm with . or Enter, or press ? or * to list all spells.
You call upon the dead to rise.
Sigmund closely misses you.
Unknown command.
Casting: Animate Dead (extremely dangerous; 22% risk of failure)
Confirm with . or Enter, or press ? or * to list all spells.
Aiming: Vampiric Draining (quite dangerous; 7% risk of failure)
Press: ? - help, Shift-Dir - straight line, f - Sigmund
Aim: Sigmund, wielding a +2 scythe of protection and wearing a +2 robe of cold resistance You draw life force from Sigmund!
You feel life coursing into your body. Sigmund closely misses you.
Casting: Vampiric Draining (quite dangerous; 7% risk of failure)
Confirm with . or Enter, or press ? or * to list all spells.
You don't have enough magic to cast this spell.
Casting: Vampiric Draining (quite dangerous; 7% risk of failure)
Confirm with . or Enter, or press ? or * to list all spells.
Aiming: Necrotise (safe; 2% risk of failure)
Press: ? - help, Shift-Dir - straight line, f/p - Sigmund
Aim: Sigmund, wielding a +2 scythe of protection and wearing a +2 robe of cold resistance (moderately wounded, chance to affect: 83%) Sigmund writhes in agony.
You closely miss Sigmund. Your touch misses Sigmund.
Sigmund is heavily wounded.
Sigmund hits you with a +2 scythe of protection!
* * * LOW HITPOINT WARNING * * *
You hit Sigmund.
You touch Sigmund!
Sigmund is almost dead.
Sigmund hits you with a +2 scythe of protection!
You die...
Sigmund begins carving another notch in his scythe.

### ...
..############
####.##..........
#.##.##..........
#.#
#.##.##..........
#<..#.#
#.##.##@@........
#...#.#
#.....'..........
#...#.#
#.##.##..........
#...#.#
#.##.........#...
#...#.#
#)##########.# ..
....#.# #.# .# .
)...#.# #.#######
#
......###........
.#..............#


You could see Sigmund.

Vanquished Creatures
  Terence (D:2)
  A ribbon worm (D:2)
  2 ball pythons (D:1)
  4 bats (D:1)
  5 endoplasms (D:1)
  A giant cockroach (D:1)
  6 goblins
  4 hobgoblins (D:1)
  4 jackals (D:2)
  3 kobolds
  A quokka (D:1)
  4 frilled lizards
  2 rats (D:1)
38 creatures vanquished.

Vanquished Creatures (collateral kills)
  A giant cockroach (D:1)
  A bat (D:1)
  A frilled lizard (D:2)
3 creatures vanquished.

Grand Total: 41 creatures vanquished

Notes
Turn   | Place    | Note
-------+----------+-------------------------------------------
     0 | D:1      | PriceMaster the Demonspawn Necromancer began the quest for
                  | the Orb.
     0 | D:1      | Reached XP level 1. HP: 13/13 MP: 3/3
   283 | D:1      | Gained mutation: Your touch may inflict minor irresistible
                  | damage on your foes. [demonic ancestry]
   283 | D:1      | Reached XP level 2. HP: 19/19 MP: 3/5
   557 | D:1      | Reached skill level 5 in Necromancy
   652 | D:1      | Reached XP level 3. HP: 21/24 MP: 3/6
  1202 | D:1      | Learned a level 3 spell: Vampiric Draining
  1216 | D:2      | Noticed Terence
  1224 | D:2      | Killed Terence
  1412 | D:2      | Gained mutation: You are partially covered in molten
                  | scales. (AC +2) [demonic ancestry]
  1412 | D:2      | Reached XP level 4. HP: 15/30 MP: 0/8
  1581 | D:2      | Noticed Sigmund
  1691 | D:2      | Learned a level 4 spell: Animate Dead
  1715 | D:2      | Slain by Sigmund

Illustrated notes

Levels and vault maps discovered:
D:1:      amcnicky_arrival_abandoned_market, layout_basic
D:2:      layout_basic, basic_altar, uniq_sigmund, uniq_terence

Skill      XL: |  1  2  3 |
---------------+----------+-----
Necromancy     | 5 |  5.3
Stealth        | 2 |  2.0
Polearms       | |  0.2
Dodging        | |  1.9
Spellcasting   | |  2.8

Action                     |  1- 3 |  4- 6 || total
---------------------------+-------+-------++-------
  Melee: Spear             |    14 |       ||    14
         Unarmed           |     2 |       ||     2
         Touch             |     2 |     1 ||     3
         Trident           |     6 |     4 ||    10
   Cast: Necrotise         |    59 |     1 ||    60
         Vampiric Draining |     1 |     1 ||     2
         Animate Dead      |       |     2 ||     2
    Use: Potion            |       |     1 ||     1
   Stab: Distracted        |     1 |       ||     1
 Armour: Robe              |    20 |     4 ||    24
  Dodge: Dodged            |    24 |     7 ||    31

Table legend: (Time is in decaauts)
 A = Elapsed time spent in this place.
 B = Non-inter-level travel time spent in this place.
 C = Inter-level travel time spent in this place.
 D = Time resting spent in this place.
 E = Time spent auto-exploring this place.
 F = Levels seen in this place.
 G = Mean time per level.
                   A        B        C        D        E       F      G
               +--------+--------+--------+--------+--------+-----+--------+
         Total |   1717 |   1703 |     14 |    266 |   1200 |   2 |  858.5 |
       Dungeon |   1717 |   1703 |     14 |    266 |   1200 |   2 |  858.5 |
               +--------+--------+--------+--------+--------+-----+--------+

Top non-repeatable levels by time:
     D:1: 1216 daAuts
     D:2: 501 daAuts
